 Dungeon Crawl Stone Soup version 0.31-a0-321-g19405a7a6a (webtiles) character file.

Game seed: 17303336003018384303

23370 Demosthentine the Fighter (level 12, -1/90 HPs)
             Began as a Demonspawn Gladiator on July 17, 2023.
             Was a Priest of Hepliaklqana.
             Slain by a centaur warrior (5 damage)
             ... on level 13 of the Dungeon on July 18, 2023.
             The game lasted 00:20:59 (12012 turns).

Demosthentine the Fighter (Demonspawn Gladiator)   Turns: 12012, Time: 00:20:59

Health: -1/90      AC: 14    Str: 24    XL:     12   Next: 71%
Magic:  19/19      EV: 18    Int:  9    God:    Hepliaklqana [***...]
Gold:   845        SH:  0    Dex: 17    Spells: 11/11 levels left

rFire   . . .        a - +1 trident
rCold   . . .        (no shield)
rNeg    . . .        u - +0 troll leather armour
rPois   .            c - +1 helmet
rElec   +            n - +2 cloak
rCorr   .            (no gloves)
SInv    +            (no boots)
Will    .....        A - amulet of magic regeneration
Stlth   +            k - ring of see invisible
HPRegen 1.15/turn    s - +6 ring of strength
MPRegen 0.56/turn

%: no passive effects
@: on berserk cooldown, slowed, very slow
A: reduced essence, hooves 1, thin metallic scales 3, powered by pain 2, spiny 2
a: Renounce Religion, Recall Ancestor, Ancestor Identity, Transference


You were on level 13 of the Dungeon.
You worshipped Hepliaklqana.
Hepliaklqana was most pleased with you.
You visited 2 branches of the dungeon, and saw 14 of its levels.

You collected 1286 gold pieces.
You spent 441 gold pieces at shops.

Inventory:

Hand Weapons
 a - a +1 trident (weapon)
Missiles
 b - a throwing net (quivered)
 e - 6 javelins
Armour
 c - a +1 helmet (worn)
 n - a +2 cloak (worn)
 o - the +2 leather armour of Beogh's Approval {Contam Harm rF+++ Str+6}
   (You found it on level 5 of the Dungeon)

   Str:       It affects your strength (+6).
   rF:        It renders you almost immune to fire.
   Contam:    It causes magical contamination when unequipped.
   Harm:      It increases damage dealt and taken.
 u - a +0 troll leather armour (worn)
Jewellery
 k - a ring of see invisible (left hand)
 q - a ring of flight
 s - a +6 ring of strength (right hand)
 A - an amulet of magic regeneration (around neck)
 G - a +6 ring of strength
Talismans
 t - a blade talisman
 y - a maw talisman
Wands
 C - a wand of paralysis (3)
Scrolls
 d - a scroll of brand weapon
 f - 5 scrolls of teleportation
 g - a scroll of fear
 l - 4 scrolls of blinking
 p - 4 scrolls of fog
 r - 2 scrolls of silence
 w - a scroll of identify
 B - a scroll of enchant armour
 E - a scroll of revelation
Potions
 i - 2 potions of attraction
 j - a potion of lignification
 m - 3 potions of curing
 v - a potion of cancellation
 x - a potion of resistance
 z - a potion of magic
 D - 2 potions of brilliance
 F - a potion of might


   Skills:
 + Level 11.1 Fighting
 + Level 10.4 Polearms
 - Level 1.7 Throwing
 - Level 7.2 Armour
 + Level 10.4 Dodging
 + Level 9.6 Invocations


You had 11 spell levels left.
You didn't know any spells.
Your spell library contained the following spells:

 Spells                   Type           Power      Damage    Failure   Level
 Shock                    Conj/Air       0%         1d3       41%         1
 Slow                     Hex            0%         N/A       41%         1
 Blink                    Tloc           0%         N/A       56%         2
 Call Canine Familiar     Summ           0%         N/A       80%         3
 Confusing Touch          Hex            0%         N/A       80%         3
 Dazzling Flash           Conj/Hex       0%         N/A       80%         3
 Portal Projectile        Hex/Tloc       0%         N/A       80%         3
 Stone Arrow              Conj/Erth      0%         3d7       80%         3
 Swiftness                Air            0%         N/A       80%         3
 Vampiric Draining        Necr           0%         2d6       80%         3
 Volatile Blastmotes      Fire/Tloc      0%         2d10      80%         3
 Airstrike                Air            0%         2d(0-16)  99%         4
 Animate Armour           Summ/Erth      0%         N/A       99%         4
 Fulminant Prism          Conj/Hex       0%         3d5       99%         4
 Iskenderun's Mystic Bla  Conj/Tloc      0%         2d3       99%         4
 Leda's Liquefaction      Hex/Erth       0%         N/A       99%         4
 Manifold Assault         Tloc           0%         N/A       99%         4
 Fireball                 Conj/Fire      0%         3d3       100%        5
 Iskenderun's Battlesphe  Conj           0%         2d6       100%        5
 Conjure Ball Lightning   Conj/Air       0%         3x3d6     100%        6
 Starburst                Conj/Fire      0%         6d3       100%        6
 Orb of Destruction       Conj           0%         9d5       100%        7
 Lehudib's Crystal Spear  Conj/Erth      0%         10d2      100%        8
 Maxwell's Capacitive Co  Air            0%         ∞         100%        8


Dungeon Overview and Level Annotations

Branches:
Dungeon (13/15) Temple (1/1) D:6 Lair (0/5) D:9 Orc (0/2) D:9 Vaults (0/5) D:12 D:13

Altars:
Ashenzari
Cheibriados
Dithmenos
Fedhas
Gozag
Hepliaklqana
Kikubaaqudgha
Makhleb
Nemelex Xobeh
Okawaru
Qazlal
Ru
Sif Muna
Trog
Uskayaw
Vehumet
Wu Jian
Xom
Yredelemnul

Shops:
D:1 (   D:12 ?

Portals:
Trove: D:13 (give 6 potions of haste)


Innate Abilities, Weirdness & Mutations

Your life essence is reduced to manifest your ancestor. (-10% HP)
You have large cloven feet.
You are completely covered in thin metallic scales. (AC +4, rElec)
You sometimes gain power by taking damage.
You are mostly covered in sharp spines.


Message History

The tengu warrior is almost dead.
Unknown command.
You miss the tengu warrior. You kick the tengu warrior.
The tengu warrior is almost dead.
The tengu warrior closely misses you. The tengu warrior misses you.
The tengu warrior claws you but does no damage.
Unknown command.
You hit the tengu warrior. Your kick misses the tengu warrior.
The tengu warrior is almost dead.
Unknown command.
You closely miss the tengu warrior. You kick the tengu warrior.
You kill the tengu warrior!
Unknown command.
You puncture the human! You kick the human!
The human is almost dead.
Unknown command.
You puncture the human!
You kill the human!
The centaur warrior shoots an arrow.
The arrow hits you!!
* * * LOW HITPOINT WARNING * * *
Unknown command.
You are no longer berserk.
You are exhausted.
You feel yourself slow down.
The centaur warrior unwields a +0 orcbow.
The centaur warrior completely misses you.
The centaur warrior kicks you.
* * * LOW HITPOINT WARNING * * *
Items here: )) [[.
You barely miss the centaur warrior.
You kick the centaur warrior, but do no damage.
The centaur warrior is lightly wounded.
The centaur warrior seems less drained.
The centaur warrior barely misses you. The centaur warrior closely misses you.
The centaur warrior barely misses you. The centaur warrior kicks you.
* * * LOW HITPOINT WARNING * * *
You hit the centaur warrior. Your kick misses the centaur warrior.
The centaur warrior is lightly wounded.
The centaur warrior hits you.
You die...

#..#..###+##.# #.# #..#.)#
#.##.# #.# #..#..# #.##.# #.#
##.#..# #.##.#######.#
##.#..###.##.........#
##########..#..'....#)#.##.####
#.......##..######..'.#.##.#
#.#####.##..#########......#
#.##...........c@.......∩..#
.....##.......#.##.#[......#
#.#...#.##..#.#.##.......###
#.#........#....####...###
#.......#.###†.## #...#
.........## ##.# #...#
.....#....###..#####...######
.....#.##..#.)...Q.........)#
.....#.#....[........<.......


You could see a centaur warrior.

Vanquished Creatures
  Nessos (D:13)
  Erolcha (D:9)
  A two-headed ogre (D:9)
  2 tengu warriors (D:13)
  Lodul (D:13)
  A skeletal warrior (D:7)
  An orc knight (D:13)
  2 deep elf pyromancers
  A deep elf zephyrmancer (D:13)
  2 manticores (D:13)
  A cyclops (D:7)
  Maggie (D:6)
  An efreet (D:13)
  An unseen horror (D:10)
  4 trolls
  A hornet (D:8)
  Prince Ribbit (D:9)
  3 slime creatures (D:12)
  A wraith (D:12)
  A shadow (D:11)
  7 humans (D:13)
  14 yaks
  A wyvern (D:7)
  2 steam dragons (D:7)
  2 vampire mosquitoes (D:11)
  3 water moccasins
  3 acid dragons
  3 orc warriors
  The ghost of Brisketman the Scratcher, an amateur FeSh (D:5)
  4 sky beasts
  4 black bears
  2 ogres
  4 centaurs
  2 kobold brigands
  2 bullfrogs (D:8)
  2 scorpions (D:5)
  5 wights (D:7)
  5 killer bees
  4 howler monkeys
  A centaur zombie (D:5)
  4 hounds
  A bullfrog skeleton (D:5)
  10 orc priests
  A gnoll bouda (D:7)
  4 iguanas
  3 jellies
  2 sleepcaps
  11 orc wizards
  18 gnolls
  8 adders
  2 shadow imps
  A white imp (D:6)
  2 ufetubi (D:6)
  A worm (D:5)
  5 dart slugs
  54 orcs
  4 endoplasms
  3 giant cockroaches
  8 goblins
  9 hobgoblins
  3 jackals (D:3)
  3 quokkas (D:3)
  10 ball pythons
  8 bats
  4 frilled lizards
  13 kobolds
  7 rats
298 creatures vanquished.

Vanquished Creatures (collateral kills)
  Harold (D:10)
  A hydra (D:13)
  A boulder beetle (D:12)
  A two-headed ogre (D:11)
  A cyclops (D:11)
  An unseen horror (D:12)
  An efreet (D:13)
  A troll (D:13)
  3 slime creatures (D:12)
  3 yaks (D:11)
  A vampire (D:10)
  A human (D:12)
  A vampire mosquito (D:11)
  An acid dragon (D:10)
  A bullfrog (D:8)
  An orc priest (D:9)
  2 orcs (D:9)
22 creatures vanquished.

Vanquished Creatures (others)
  The ghost of pigah the Zephyrmancer, a journeyman OpWn of Gozag (D:11)
  3 ancestors
  4 hexers
8 creatures vanquished.

Grand Total: 328 creatures vanquished

Notes
Turn   | Place    | Note
-------+----------+-------------------------------------------
     0 | D:1      | Demosthentine the Demonspawn Gladiator began the quest for
                  | the Orb.
     0 | D:1      | Reached XP level 1. HP: 16/16 MP: 1/1
    51 | D:1      | Gained mutation: You sometimes gain a little power by
                  | taking damage. [demonic ancestry]
    51 | D:1      | Reached XP level 2. HP: 5/22 MP: 2/2
   130 | D:1      | Found a faded altar of an unknown god.
   197 | D:1      | Found Cizuc's Weapon Shoppe.
   243 | D:1      | Reached skill level 1 in Armour
   327 | D:1      | Gained mutation: You have large cloven feet. [demonic
                  | ancestry]
   327 | D:1      | Reached XP level 3. HP: 28/28 MP: 3/3
  1188 | D:3      | Found a sparkling altar of Nemelex Xobeh.
  1265 | D:3      | Gained mutation: You are partially covered in thin metallic
                  | scales. (AC +2) [demonic ancestry]
  1265 | D:3      | Reached XP level 4. HP: 32/34 MP: 4/4
  1385 | D:3      | Reached skill level 3 in Fighting
  1948 | D:3      | Gained mutation: You are mostly covered in thin metallic
                  | scales. (AC +3) [demonic ancestry]
  1948 | D:3      | Reached XP level 5. HP: 26/41 MP: 5/5
  2815 | D:4      | Gained mutation: You are partially covered in sharp spines.
                  | [demonic ancestry]
  2815 | D:4      | Reached XP level 6. HP: 42/47 MP: 6/6
  2836 | D:4      | Found a shadowy altar of Dithmenos.
  3180 | D:4      | Reached skill level 4 in Fighting
  3180 | D:4      | Reached XP level 7. HP: 25/54 MP: 7/7
  3552 | D:5      | Entered Level 5 of the Dungeon
  3806 | D:5      | Found a sacrificial altar of Ru.
  3995 | D:5      | Found a runed translucent gate.
  3998 | D:5      | Noticed Brisketman's ghost (amateur FeSh)
  3999 | D:5      | Found a runed translucent gate.
  3999 | D:5      | Found a runed translucent gate.
  4201 | D:5      | Identified the +2 leather armour of Beogh's Approval
                  | {Contam Harm rF+++ Str+6}
  5050 | D:5      | Killed Brisketman's ghost
  5051 | D:5      | Reached skill level 5 in Fighting
  5051 | D:5      | Reached skill level 5 in Polearms
  5051 | D:5      | Reached skill level 5 in Dodging
  5051 | D:5      | Reached XP level 8. HP: 37/62 MP: 8/8
  5419 | D:6      | Noticed Maggie
  5655 | D:6      | Found a stormy altar of Qazlal.
  5780 | D:6      | Killed Maggie
  5781 | D:6      | Reached skill level 6 in Fighting
  5781 | D:6      | Reached skill level 5 in Armour
  5989 | D:6      | Found a staircase to the Ecumenical Temple.
  6143 | Temple   | Entered the Ecumenical Temple
  6150 | Temple   | Became a worshipper of Hepliaklqana the Forgotten
  6181 | D:6      | Gained mutation: You sometimes gain power by taking damage.
                  | [demonic ancestry]
  6181 | D:6      | Reached XP level 9. HP: 68/69 MP: 9/9
  6197 | D:7      | Noticed a skeletal warrior
  6702 | D:7      | Killed a skeletal warrior
  6703 | D:7      | Reached skill level 7 in Fighting
  7149 | D:7      | Found a shimmering blue altar of Sif Muna.
  7149 | D:7      | Found an ancient bone altar of Kikubaaqudgha.
  7221 | D:7      | Noticed a cyclops
  7233 | D:7      | Killed a cyclops
  7234 | D:7      | Reached XP level 10. HP: 53/79 MP: 10/10
  8216 | D:8      | Reached * piety under Hepliaklqana
  8381 | D:8      | Reached skill level 8 in Fighting
  8409 | D:8      | Paralysed by a hornet for 2 turns
  8578 | D:8      | Reached skill level 1 in Invocations
  8965 | D:9      | Noticed a two-headed ogre
  8978 | D:9      | Killed a two-headed ogre
  8989 | D:9      | Noticed Erolcha
  9007 | D:9      | Killed Erolcha
  9025 | D:9      | Gained mutation: You are mostly covered in sharp spines.
                  | [demonic ancestry]
  9025 | D:9      | Reached XP level 11. HP: 47/78 MP: 13/13
  9255 | D:9      | Found a staircase to the Lair.
  9261 | D:9      | Found a shimmering altar of Xom.
  9548 | D:9      | Found a staircase to the Orcish Mines.
  9659 | D:9      | Noticed Prince Ribbit
  9663 | D:9      | Killed Prince Ribbit
  9704 | D:10     | Entered Level 10 of the Dungeon
  9704 | D:10     | Reached ** piety under Hepliaklqana
  9705 | D:10     | Remembered your ancestor Yadidatum as a hexer
  9723 | D:10     | Reached skill level 9 in Fighting
  9860 | D:10     | Noticed Harold
  9876 | D:10     | Killed Harold
  9877 | D:10     | Reached skill level 5 in Invocations
 10016 | D:10     | Found a hide-covered altar of Uskayaw.
 10449 | D:11     | Found a runed translucent door.
 10449 | D:11     | Noticed pigah's ghost (journeyman OpWn)
 10485 | D:11     | Noticed a two-headed ogre
 10492 | D:11     | Killed a two-headed ogre
 10724 | D:11     | You fall into a shaft and drop 2 floors!
 10732 | D:13     | Noticed a seven-headed hydra
 10740 | D:13     | Killed a seven-headed hydra
 10741 | D:13     | Reached skill level 10 in Fighting
 10790 | D:13     | Found a portal to a secret trove of treasure.
 10826 | D:12     | Noticed a boulder beetle
 10865 | D:12     | Killed a boulder beetle
 10866 | D:12     | Gained mutation: You are completely covered in thin
                  | metallic scales. (AC +4, rElec) [demonic ancestry]
 10866 | D:12     | Reached XP level 12. HP: 87/87 MP: 17/17
 10955 | D:12     | Reached *** piety under Hepliaklqana
 11098 | D:11     | Killed pigah's ghost
 11125 | D:12     | Found Qiemu's Magic Scroll Shoppe.
 11169 | D:12     | Bought a scroll of brand weapon for 142 gold pieces
 11169 | D:12     | Bought a scroll of identify for 30 gold pieces
 11169 | D:12     | Bought a scroll of revelation for 112 gold pieces
 11169 | D:12     | Bought a scroll of teleportation for 45 gold pieces
 11169 | D:12     | Bought a scroll of blinking for 112 gold pieces
 11472 | D:13     | Noticed Lodul
 11472 | D:13     | Noticed Nessos
 11472 | D:13     | Noticed a centaur warrior
 11472 | D:13     | Found a gate to the Vaults.
 11640 | D:13     | Reached skill level 10 in Polearms
 11640 | D:13     | Reached skill level 10 in Dodging
 11640 | D:13     | Killed Nessos
 11741 | D:13     | Killed Lodul
 11970 | D:13     | Reached skill level 11 in Fighting
 11972 | D:13     | Noticed a tengu warrior
 11973 | D:13     | Noticed a tengu warrior
 11994 | D:13     | Killed a tengu warrior
 12007 | D:13     | Killed a tengu warrior
 12011 | D:13     | HP: 3/90 [centaur warrior (4)]
 12012 | D:13     | Slain by a centaur warrior

Illustrated notes

Levels and vault maps discovered:
D:1:      dpeg_arrival_central, layout_rooms,
          shapermc_ecumenical_altar_mp_ritualfount, serial_shops, shop
D:2:      minmay_spotlight, layout_rooms, grunt_decor_one_mirror
D:3:      layout_rooms, nemelex_altar_shiori
D:4:      layout_cave_pools, mainiacjoe_overflow_tiny_flanked,
          serial_column_ruins, column_ruins_pillar_1, column_ruins_pillar_3,
          column_ruins_pillar_6, column_ruins_pillar_1, column_ruins_pillar_6,
          column_ruins_pillar_3, column_ruins_pillar_6, column_ruins_pillar_3,
          column_ruins_pillar_3, column_ruins_pillar_6, column_ruins_pillar_2,
          column_ruins_pillar_2, column_ruins_pillar_3, column_ruins_pillar_1,
          column_ruins_pillar_1, uniq_crazy_yiuf_cottage
D:5:      layout_layer_cave, nicolae_ru_sacrificial_ziggurat,
          gammafunk_ghost_necromancy
D:6:      layout_rooms, nicolae_qazlal_eye_of_the_storm,
          minmay_temple_entry_glassed_door, uniq_maggie
D:7:      cheibrodos_fzero, layout_rooms, lemuel_coloured_pillars_altar,
          kennysheep_mini, nicolae_overflow_two_pavilions, serial_corexii_hall,
          corexii_hall_statues_x, corexii_hall_statues_x,
          corexii_hall_statues_l, corexii_hall_statues_u,
          corexii_hall_statues_u, chequers_hall_statues_y, grunt_decor_arrowhead
D:8:      layout_rooms, chequers_serial_rivers_large_a
D:9:      layout_rooms, amcnicky_altar_gilded, hiddenorc2_lemuel,
          feat_on_display, uniq_erolcha, uniq_prince_ribbit1
D:10:     layout_basic, nicolae_uskayaw_murder_on_the_dancefloor, uniq_harold
D:11:     layout_cave_pools, gammafunk_ghost_grave
D:12:     layout_cave_pools, serial_shops, shop
D:13:     layout_loops_cross, david_vaults_3, enter_trove_1, billiards_dpeg
Temple:   nicolae_temple_no_exploring_needed

Skill      XL: |  1  2  3  4  5  6  7  8  9 10 11 12 |
---------------+-------------------------------------+-----
Polearms       | 3 4 5 6 7 8 9 10 | 10.4
Dodging        | 3 4 5 6 7 8 9 10 | 10.4
Armour         | 1 2 3 4 5 6 7 |  7.2
Fighting       | 3 4 5 6 7 8 10 11 | 11.1
Invocations    | 3 7 9 |  9.6
Throwing       | |  1.7

Action                     |  1- 3 |  4- 6 |  7- 9 | 10-12 || total
---------------------------+-------+-------+-------+-------++-------
  Melee: Trident           |   137 |   211 |   328 |   562 ||  1238
         Kick              |    16 |    37 |    91 |   199 ||   343
         Punch             |       |       |     4 |    11 ||    15
  Throw: Throwing net      |       |     2 |     3 |     2 ||     7
 Invoke: Recall Ancestor   |       |       |       |     2 ||     2
         Ancestor Life: He |       |       |       |     1 ||     1
  Evoke: Wand              |       |       |       |     1 ||     1
    Use: Scroll            |     5 |     3 |     8 |     8 ||    24
         Potion            |       |     1 |     3 |     3 ||     7
   Stab: Sleeping          |       |       |     2 |     1 ||     3
         Held in net/web   |       |       |     2 |     1 ||     3
         Distracted        |       |       |       |     9 ||     9
         Confused          |       |       |       |     5 ||     5
         Paralysed         |       |       |       |     3 ||     3
 Armour: Leather armour    |    30 |    54 |    95 |    34 ||   213
         Troll leather arm |       |       |       |    72 ||    72
  Dodge: Dodged            |    62 |   169 |   175 |   301 ||   707

Table legend: (Time is in decaauts)
 A = Elapsed time spent in this place.
 B = Non-inter-level travel time spent in this place.
 C = Inter-level travel time spent in this place.
 D = Time resting spent in this place.
 E = Time spent auto-exploring this place.
 F = Levels seen in this place.
 G = Mean time per level.
                   A        B        C        D        E       F      G
               +--------+--------+--------+--------+--------+-----+--------+
         Total |  11999 |  11714 |    285 |    472 |   8890 |  14 |  857.1 |
       Dungeon |  11983 |  11698 |    285 |    472 |   8890 |  13 |  921.8 |
        Temple |     16 |     16 |      0 |      0 |      0 |   1 |   16.0 |
               +--------+--------+--------+--------+--------+-----+--------+

Top non-repeatable levels by time:
     D:5: 1636 daAuts
     D:7: 1611 daAuts
     D:6: 1394 daAuts
     D:3: 1264 daAuts
     D:4: 854 daAuts
     D:2: 791 daAuts
     D:8: 761 daAuts
     D:9: 731 daAuts
     D:1: 694 daAuts
    D:10: 641 daAuts
    D:13: 577 daAuts
    D:11: 518 daAuts
    D:12: 506 daAuts
  Temple: 16 daAuts
